Merl, neutral female human Valkyrie ------- ---.....--- .}@d...}..| |;;}<.}}}.| +;};...;..| |}$}}.;}}}| --------.-- Merl the Skirmisher Experience level: 4 Strength: 18 Dexterity: 10 Constitution: 18 Intelligence: 9 Wisdom: 10 Charisma: 10 Health: 0(46) Energy: 9(9) Def: 11 Gold: 275 Moves: 1522 Dungeon seed: u9XV0sZITItAdFUm Game ID: Merl_1525088873 Your Inventory: Coins $ - 275 gold pieces Weapons a - 3 uncursed very corroded +2 spears (wielded) j - an uncursed +0 elven spear (in quiver) I - 2 uncursed +0 daggers Armor e - an uncursed +3 small shield (being worn) q - an uncursed +0 orcish helm (being worn) r - an uncursed +0 dwarvish mithril-coat (being worn) Comestibles d - an uncursed food ration v - 4 uncursed sprigs of wolfsbane C - an uncursed lembas wafer Scrolls h - 2 uncursed scrolls of light s - a blessed scroll of destroy armor t - an uncursed scroll of scare monster w - an uncursed scroll of create monster F - an uncursed scroll of identify Potions x - an uncursed potion of water D - 3 uncursed potions of hallucination E - an uncursed potion of sleeping Wands c - an uncursed wand of cold (0:5) i - an uncursed wand of undead turning (0:5) u - an uncursed wand of light (0:10) y - an uncursed wand of light (0:11) B - an uncursed wand of digging (0:6) Tools f - an uncursed oil lamp (0:1343) k - an uncursed skeleton key Spells and supernatural/magical abilities: Name Level Category Fail Memory W - pray for help -- divine ? -- Your skills at the end: Miscellaneous Skills shield [Basic] wands [Basic] stealth [Basic] Weapon Skills dagger [Basic] spear [Basic] Spellcasting Skills Final Attributes: You were devoutly aligned. You were cold resistant. Your writing hand was cramped from overuse. You were very stealthy. You could fly. You were lucky. You are dead. Vanquished creatures: a fog cloud a floating eye a kobold lord 2 iguanas 2 coyotes a gas spore a hobbit 3 acid blobs 2 geckos a cave spider a red mold 2 jackals a fox 2 kobolds 3 newts 4 goblins 4 sewer rats 2 grid bugs 3 lichens 2 kobold zombies 39 creatures vanquished. Voluntary challenges: You did not adorn yourself with jewelry or accessories. You did not cause conflict. You were not invisible. You did not have reflection. You were not displaced. You were an atheist. You used a wielded weapon 37 times, starting on turn 513. You did not apply a unicorn horn. You did not use plumbed fixtures. You did not drink any magical draughts. You read items or engraved 3 times, starting on turn 902. You never genocided any monsters. You never polymorphed an object. You never changed form. You used no wishes. You never split a pudding. You wrote Elbereth's name 3 times, starting on turn 902. You never violated your personal moral code. Dungeon overview: The Dungeons of Doom: levels 1 to 6 Level 1 a fountain a long staircase Level 2 a fountain Level 3 a weapon shop Level 4 a weapon shop, an altar to Tyr Level 5 some fountains Level 6 <- You were here History has recorded: On T:1 you entered the Dungeons of Doom to retrieve the Amulet of Yendor! On T:353 you reached level 2 of The Dungeons of Doom. On T:513 you advanced to experience level 2. On T:648 you reached level 3 of The Dungeons of Doom. On T:1003 you reached level 4 of The Dungeons of Doom. On T:1024 you advanced to experience level 3. On T:1346 you reached level 5 of The Dungeons of Doom. On T:1401 you advanced to experience level 4. On T:1493 you reached level 6 of The Dungeons of Doom. Score breakdown: Gold: 275 ( 27 points) Experience: 4 levels ( 300 points) Exploration: 6 levels ( 150 points) Discoveries: 12 items ( 600 points) Variety of kills: 20 monsters ( 1000 points) Major goal: (nothing yet) ( 0 points) Survival: died (score multiplied by 3) Total score: 6231 Latest messages: The dagger hits the piranha! The dagger misses the piranha. You don't have that object. The elven spear hits the piranha! j - an elven spear (in quiver). The piranha misses. (2x) The piranha bites! (2x) There is nothing here to pick up. The piranha misses. (2x) I - 2 uncursed +0 daggers. The piranha bites! (2x) You die... Final status: Farvel Merl the Valkyrie, killed by a piranha... You died in The Dungeons of Doom on dungeon level 6 with 6231 points, and 275 pieces of gold, after 1522 moves. You were level 4 with a maximum of 46 hit points when you died.